 Dungeon Crawl Stone Soup version 0.29-a0-341-g24ffce5b50 (webtiles) character file.

Game seed: 10278139115516395155

196 Ijustatesigmund the Conjurer (level 5, 0/28 HPs)
             Began as a Deep Elf Conjurer on Apr 20, 2022.
             Slain by a bullfrog (6 damage)
             ... in a sewer.
             The game lasted 00:10:40 (3247 turns).

Ijustatesigmund the Conjurer (Deep Elf Conjurer)    Turns: 3247, Time: 00:10:41

Health: 0/28       AC:  4    Str: 10    XL:     5   Next: 45%
Magic:  7/15       EV: 13    Int: 25    God:
Gold:   126        SH:  0    Dex: 15    Spells: 9/15 levels left

rFire   . . .      SeeInvis .   d - +0 short sword
rCold   . . .      Faith    .   (no shield)
rNeg    . . .      Spirit   .   a - +2 robe of Midsummer {Dex+2}
rPois   .          Reflect  .   (no helmet)
rElec   .          Harm     .   (no cloak)
rCorr   .          Rampage  .   (no gloves)
Will    .....                   (no boots)
Stlth   ++........              (no amulet)
HPRegen 0.09/turn               c - +6 ring of strength
MPRegen 0.14/turn               (no ring)

@: no status effects
A: no striking features
a: no special abilities


You were in a sewer.
You visited 1 branch of the dungeon, and saw 3 of its levels.
You also visited: Sewer.

You collected 126 gold pieces.

Inventory:

Hand Weapons
 d - a +0 short sword (weapon)
Armour
 a - the +2 robe of Midsummer (worn) {Dex+2}
   (You found it on level 2 of the Dungeon)

   Dex:       It affects your dexterity (+2).
Jewellery
 c - a +6 ring of strength (left hand)
 l - a ring of ice
Scrolls
 e - a scroll of identify
Potions
 b - a potion of magic
 g - a potion of flight
 h - a potion of lignification


   Skills:
 - Level 3.0 Dodging
 - Level 3.0 Stealth
 + Level 5.5 Spellcasting
 + Level 5.9 Conjurations


You had 9 spell levels left.
You knew the following spells:

 Your Spells              Type           Power      Damage    Failure   Level
a - Magic Dart            Conj           100%       1d8       1%          1
b - Searing Ray           Conj           72%        2d7       1%          2
c - Dazzling Flash        Conj/Hex       42%        N/A       7%          3

Your spell library contained the following spells:

 Spells                   Type           Power      Damage    Failure   Level
 Fulminant Prism          Conj/Hex       10%        3d9       22%         4
 Iskenderun's Mystic Bla  Conj/Tloc      21%        2d6       22%         4
 Portal Projectile        Hex/Tloc       12%        N/A       24%         3
 Blade Hands              Tmut           3%         N/A       91%         5
 Excruciating Wounds      Necr           3%         N/A       91%         5


Dungeon Overview and Level Annotations

Branches:
Dungeon (3/15)              Sewer (1/1)

Altars:
The Shining One


Message History

Press: ? - help, Shift-Dir - straight line, f/p - bullfrog
Aim: a bullfrog (heavily wounded, 100% to hit)
The magic dart hits the bullfrog.
The bullfrog is severely wounded.
The bullfrog hits you! The bullfrog misses you. The bullfrog barely misses you.
The bullfrog hits you but does no damage.
Casting: Magic Dart (safe; 1% risk of failure)
Confirm with . or Enter, or press ? or * to list all spells.
The spell is quite dangerous to miscast (7% risk of failure)!
Continue anyway?
Okay, then.
Casting: Dazzling Flash (quite dangerous; 7% risk of failure)
Confirm with . or Enter, or press ? or * to list all spells.
Okay, then.
Casting: Dazzling Flash (quite dangerous; 7% risk of failure)
Confirm with . or Enter, or press ? or * to list all spells.
The spell is quite dangerous to miscast (7% risk of failure)!
Continue anyway?
Casting: Dazzling Flash (quite dangerous; 7% risk of failure)
Press: ? - help, Dir - look around, f - activate Look: a bullfrog (chance to dazzle: 61%)
The bullfrog is dazzled. x2; The bullfrog hits you.
* * * LOW HITPOINT WARNING * * *
The bullfrog misses you.
Unknown command.
You feel much better. The bullfrog hits you. The bullfrog barely misses you.
The bullfrog misses you. The bullfrog closely misses you.
You hit the bullfrog.
The bullfrog is moderately wounded.
The bullfrog misses you. The bullfrog barely misses you.
Your magical contamination has completely faded away.
You catch the helpless bullfrog completely off-guard!
You hit the bullfrog.
The bullfrog is severely wounded.
The bullfrog closely misses you. The bullfrog hits you.
The bullfrog barely misses you. The bullfrog closely misses you.
You miss the bullfrog.
The bullfrog is severely wounded.
The bullfrog hits you. The bullfrog barely misses you. The bullfrog hits you.
* * * LOW HITPOINT WARNING * * *
The bullfrog hits you.
You die...

#.≈.##.≈≈≈.###≈≈≈≈ #.#
#≈≈.##.≈≈≈.#≈≈≈≈≈≈≈≈##
#.#
#.≈.##.≈≈≈.#≈≈≈≈≈≈≈≈≈##
#.#
##≈###.≈≈≈.≈≈≈≈≈≈≈≈≈≈≈#
#.# #.#
#.≈≈≈.≈≈≈≈≈≈≈≈≈≈≈# #.#
#.# #.≈≈≈.≈≈≈≈≈≈≈≈≈≈≈#
#.# #∩#
#.≈≈≈.≈≈≈≈≈..≈≈≈≈≈ #†#
#.# #÷≈≈≈≈≈≈≈≈≈F..≈≈≈≈
#†# #∩#
#.≈≈≈≈≈≈≈.@F$.≈≈≈≈ #.#
#.# #.≈≈≈≈≈≈≈≈≈[?≈≈≈≈≈#
#.# ###
#.≈≈≈≈≈≈.≈≈≈≈≈≈≈≈≈# #.#
#.≈≈≈≈≈≈≈≈≈≈.≈≈≈≈≈# #.#
#.≈≈≈≈≈≈....≈.≈≈≈# #≈#
#.≈≈≈≈≈≈≈≈≈≈≈.∩≈≈# #≈#
#.≈≈≈≈≈≈≈≈≈≈≈≈≈≈≈# #≈#
#.≈≈≈≈≈≈≈≈≈≈≈≈≈≈## #≈#
#.≈≈≈≈≈≈≈≈≈≈≈≈≈≈# #.#


You could see 2 bullfrogs.

Vanquished Creatures
  9 adders
  A river rat (D:3)
  2 worms (D:2)
  A dart slug (D:1)
  8 endoplasms
  14 giant cockroaches
  6 hobgoblins
  4 jackals (D:1)
  5 kobolds
  10 quokkas
  9 ball pythons
  6 bats
  11 frilled lizards
  5 goblins
  5 rats
96 creatures vanquished.

Notes
Turn   | Place    | Note
-------+----------+-------------------------------------------
     0 | D:1      | Ijustatesigmund the Deep Elf Conjurer began the quest for
                  | the Orb.
     0 | D:1      | Reached XP level 1. HP: 10/10 MP: 6/6
   208 | D:1      | Reached XP level 2. HP: 15/15 MP: 4/8
   276 | D:1      | Found a glowing golden altar of the Shining One.
   366 | D:1      | Learned a level 2 spell: Searing Ray
   681 | D:1      | Reached XP level 3. HP: 19/19 MP: 7/10
   682 | D:1      | Reached skill level 5 in Conjurations
   754 | D:1      | Learned a level 3 spell: Dazzling Flash
  1528 | D:2      | Identified the +2 robe of Midsummer {Dex+2}
  1686 | D:2      | Reached XP level 4. HP: 24/24 MP: 9/12
  2559 | D:3      | Found a glowing drain.
  2568 | Sewer    | Entered a sewer
  2611 | Sewer    | Reached skill level 5 in Spellcasting
  2684 | Sewer    | Reached XP level 5. HP: 25/28 MP: 9/14
  3247 | Sewer    | Slain by a bullfrog

Illustrated notes

Levels and vault maps discovered:
D:1:      dpeg_arrival_erosion, layout_loops_ring, minmay_hexomino_r4
D:2:      layout_rooms, kennysheep_big_empty_room, minmay_misc_feat_square
D:3:      layout_rooms, gup_sewer_entry_bubbles,
          hellmonk_ecumenical_altar_watching_god, dk_noncrumbling_3
Sewer:    sewer_frog_island_01

Skill      XL: |  1  2  3  4 |
---------------+-------------+-----
Spellcasting   | 4 5 |  5.5
Conjurations   | 5 |  5.9
Dodging        | 3 |  3.0
Stealth        | 3 |  3.0

Action                   |  1- 3 |  4- 6 || total
-------------------------+-------+-------++-------
Melee: Hand axe          |     1 |       ||     1
       Short sword       |     1 |     3 ||     4
 Cast: Magic Dart        |    79 |   120 ||   199
       Searing Ray       |       |     2 ||     2
       Dazzling Flash    |       |     1 ||     1
  Use: Scroll            |     3 |     5 ||     8
       Potion            |       |     1 ||     1
 Stab: Invisible         |       |     1 ||     1
Armor: Robe              |       |     7 ||     7
Dodge: Dodged            |     5 |    38 ||    43

Table legend: (Time is in decaauts)
 A = Elapsed time spent in this place.
 B = Non-inter-level travel time spent in this place.
 C = Inter-level travel time spent in this place.
 D = Time resting spent in this place.
 E = Time spent auto-exploring this place.
 F = Levels seen in this place.
 G = Mean time per level.
                   A        B        C        D        E       F      G
               +--------+--------+--------+--------+--------+-----+--------+
         Total |   3304 |   3225 |     79 |    773 |   1913 |   4 |  826.0 |
       Dungeon |   2582 |   2503 |     79 |    519 |   1604 |   3 |  860.7 |
         Sewer |    721 |    721 |      0 |    254 |    309 |   1 |  721.0 |
               +--------+--------+--------+--------+--------+-----+--------+

Top non-repeatable levels by time:
     D:1: 1502 daAuts
     D:2: 757 daAuts
   Sewer: 721 daAuts
     D:3: 322 daAuts
